 Dungeon Crawl Stone Soup version 0.21-a0-110-g8e1637b (webtiles) character file.

5530 grindst0ne the Transmogrifier (level 10, 0/82 (83) HPs)
             Began as a Merfolk Transmuter on July 10, 2017.
             Was an Elder of Okawaru.
             Slain by an ogre
             ... wielding a +0 giant club
              (16 damage)
             ... on level 8 of the Dungeon.
             The game lasted 00:26:36 (11425 turns).

grindst0ne the Transmogrifier (Merfolk Transmuter) Turns: 11425, Time: 00:26:37

HP:   0/82 (83)     AC:  4    Str: 13    XL:     10   Next: 71%
MP:   13/13         EV: 13    Int: 13    God:    Okawaru [****..]
Gold: 331           SH:  0    Dex: 15    Spells: 4/13 levels left

rFire    . . .     SeeInvis .     - Unarmed
rCold    . . .     Gourm    .   (no shield)
rNeg     . . .     Faith    .   b - +0 robe
rPois    +         Spirit   .   (no helmet)
rElec    .         Reflect  .   A - +0 cloak {rPois}
rCorr    .         Harm     .   (no gloves)
MR       +....                  t - +0 pair of boots
Stlth    +.........             (no amulet)
HPRegen  0.23/turn              p - ring of protection from magic
MPRegen  0.13/turn              (no ring)

@: hasted, very quick
A: change form in water, swift swim, stealthy swim
a: Heroism, Renounce Religion


You were on level 8 of the Dungeon.
You worshipped Okawaru.
Okawaru was greatly pleased with you.
You were hungry.

You visited 1 branch of the dungeon, and saw 9 of its levels.
You also visited: Ossuary.

You collected 331 gold pieces.

Inventory:

Hand Weapons
 o - a +0 rapier
Missiles
 a - 71 arrows
Armour
 b - a +0 robe (worn)
 t - a +0 pair of boots (worn)
 A - a +0 cloak of poison resistance (worn)
Jewellery
 p - a ring of protection from magic (left hand)
Wands
 y - a wand of random effects (18/48)
 z - a wand of flame (16/48)
Scrolls
 e - a scroll of remove curse
 g - 2 scrolls of magic mapping
 h - 2 scrolls of identify
 i - 2 scrolls of teleportation
 l - a scroll of fog
 m - a scroll of blinking
 s - 2 scrolls of immolation
 v - 5 scrolls of recharging
 x - 2 scrolls of amnesia
Potions
 j - 2 potions of lignification
 n - 2 potions of brilliance
 q - a potion of degeneration {unknown}
 r - a potion of might
 u - a potion of magic
Books
 c - a book of Changes

   Spells                             Type                      Level
   a - Beastly Appendage              Transmutation                1
   b - Sticks to Snakes               Transmutation                2
   c - Spider Form                    Transmutation/Poison         3
   d - Ice Form                       Ice/Transmutation            4
   e - Blade Hands                    Transmutation                5
Comestibles
 d - a bread ration
 f - 3 meat rations
 w - a royal jelly


   Skills:
 + Level 9.2 Fighting
 - Level 2.6 Dodging
 + Level 10.0 Unarmed Combat
 - Level 2.0 Spellcasting
 + Level 11.6 Transmutations
 - Level 5.0 Ice Magic


You had 4 spell levels left.
You knew the following spells:

 Your Spells              Type           Power        Failure   Level  Hunger
b - Sticks to Snakes      Tmut           ####....     1%          2    ###....
c - Spider Form           Tmut/Pois      ###.......   7%          3    ####...
d - Ice Form              Ice/Tmut       ###.....     9%          4    #####..


Dungeon Overview and Level Annotations

Branches:
Dungeon (9/15)             Temple (0/1) D:4            Lair (0/6) D:8
    Orc: D:9-12

Altars:
Dithmenos
Elyvilon
Kikubaaqudgha
Makhleb
Okawaru
Vehumet
Xom
Zin

Annotations:
D:4 exclusion: downstairs
D:7 exclusion: 2 downstairs


Message History

Evoking this partially-identified wand wasted a few charges.
Evoke which item? (* to show all) (? for menu, Esc to quit)
You don't have any such object.
Evoke which item? (* to show all) (? for menu, Esc to quit)
Huh?
Evoke which item? (* to show all) (? for menu, Esc to quit)
Okay, then.
You climb upwards.
There is a stone staircase leading down here.
You start waiting.
Done waiting.
You climb downwards.
The ogre hits you with a giant club! x3
There is a stone staircase leading up, spattered with blood here.
The ogre hits you with a giant club.
You climb upwards.
There is a stone staircase leading down here.
The ogre hits you with a giant club!!
* * * LOW HITPOINT WARNING * * *
You feel yourself speed up. The ogre hits you with a giant club!
You die...

#.....).####.....####
#######.......##.........##
#.....[.......#...........#
#..........##..........P...
#..........##.......>......
#..........###.............
#..........# ##...........#
#..........# ##.........##
#.........@# ####.....####
#.........O####......###.#.
#..........O...>.##### #...
######.##.#.......# ###...
#...........#####.#####...##
#.................##......##
#.........###.............##
#................########.##
#.......##....#### ###...


You could see 2 ogres.

Vanquished Creatures
  Pikel (D:6)
  The ghost of Mygna the Cudgeler, a novice GrFi (D:3)
  Prince Ribbit (D:7)
  A hornet (D:7)
  A hippogriff (D:7)
  Menkaure (D:7)
  3 wargs (D:8)
  2 orc warriors (D:8)
  3 ogres
  A necrophage (D:5)
  3 wolves (D:8)
  3 centaurs
  7 elf zombies (Ossuary)
  2 bullfrogs
  A wyvern zombie (D:6)
  4 killer bees
  3 wights (D:6)
  2 crimson imps
  A howler monkey (D:6)
  2 centaur zombies (Ossuary)
  A hound (D:6)
  2 bullfrog zombies
  11 orc priests
  8 orc wizards
  Crazy Yiuf (D:6)
  3 jellies
  3 human zombies (Ossuary)
  An iguana (D:3)
  7 worker ants
  A hound skeleton (D:4)
  4 mummies
  A worker ant zombie (D:5)
  5 adders
  A shadow imp (D:7)
  2 oozes
  A worm (D:6)
  5 leopard geckos
  11 orcs
  2 bat skeletons (D:2)
  2 bat zombies
  4 giant cockroaches
  5 goblins
  7 hobgoblins
  24 jackals
  3 quokkas
  7 bats
  4 frilled lizards
  5 kobolds
  A leopard gecko zombie (D:2)
  3 quokka skeletons
  7 rats
  2 rat zombies (D:7)
187 creatures vanquished.

Vanquished Creatures (collateral kills)
  A two-headed ogre (D:8)
  Grum (D:8)
  A slave (D:6)
  2 wights (D:6)
  2 orc wizards
  An adder (D:8)
  3 orcs
11 creatures vanquished.

Vanquished Creatures (others)
  An orc wizard (D:6)
  An adder (D:6)
  4 orcs (D:6)
6 creatures vanquished.

Grand Total: 204 creatures vanquished

Notes
Turn   | Place    | Note
-------+----------+-------------------------------------------
     0 | D:1      | grindst0ne the Merfolk Transmuter began the quest for the Orb.
     0 | D:1      | Reached XP level 1. HP: 15/15 MP: 3/3
    68 | D:1      | Reached skill level 3 in Transmutations
   191 | D:1      | Reached XP level 2. HP: 18/21 MP: 3/5
   211 | D:1      | Learned a level 2 spell: Sticks to Snakes
  1002 | D:1      | Reached XP level 3. HP: 22/27 MP: 4/6
  1054 | D:1      | Learned a level 3 spell: Spider Form
  1869 | D:3      | Reached XP level 4. HP: 20/34 MP: 5/7
  2185 | D:3      | Noticed Mygna's ghost (novice GrFi)
  2226 | D:3      | Killed Mygna's ghost
  2226 | D:3      | Reached skill level 5 in Unarmed Combat
  2226 | D:3      | Reached skill level 5 in Transmutations
  2226 | D:3      | Reached XP level 5. HP: 39/42 MP: 0/8
  2226 | D:3      | Reached XP level 6. HP: 45/48 MP: 0/9
  3546 | D:3      | Found a radiant altar of Vehumet.
  3669 | D:4      | Reached XP level 7. HP: 55/55 MP: 6/10
  3679 | D:4      | Learned a level 4 spell: Ice Form
  3686 | D:4      | Found a sand-covered staircase.
  3696 | Ossuary  | Entered an ossuary
  3737 | Ossuary  | Reached skill level 6 in Transmutations
  4079 | Ossuary  | Reached skill level 5 in Fighting
  4138 | Ossuary  | Reached skill level 7 in Transmutations
  4190 | Ossuary  | Reached XP level 8. HP: 17/63 MP: 0/11
  4817 | D:4      | Found an iron altar of Okawaru.
  5120 | D:4      | Became a worshipper of Warmaster Okawaru
  5135 | D:4      | Found a staircase to the Ecumenical Temple.
  5141 | D:4      | Reached skill level 8 in Transmutations
  5173 | D:4      | Found a shadowy altar of Dithmenos.
  5339 | D:4      | Found a burning altar of Makhleb.
  5456 | D:5      | Entered Level 5 of the Dungeon
  5589 | D:5      | Found a shimmering altar of Xom.
  5779 | D:5      | Reached skill level 1 in Ice Magic
  5899 | D:5      | HP: 3/65 [poisoned by a killer bee]
  5904 | D:5      | HP: 2/65 [poisoned by a killer bee]
  5911 | D:5      | HP: 1/65 [poisoned by a killer bee]
  5919 | D:5      | HP: 1/65 [poisoned by a killer bee]
  6610 | D:5      | Reached XP level 9. HP: 61/72 MP: 5/12
  6748 | D:5      | Reached * piety under Okawaru
  6992 | D:6      | Noticed Pikel
  7012 | D:6      | Killed Pikel
  7012 | D:6      | Reached skill level 9 in Transmutations
  7434 | D:6      | Reached ** piety under Okawaru
  7688 | D:6      | Reached skill level 10 in Transmutations
  7998 | D:6      | Found a runed door.
  8168 | D:6      | Noticed Crazy Yiuf
  8175 | D:6      | Killed Crazy Yiuf
  8317 | D:7      | Found a white marble altar of Elyvilon.
  8352 | D:7      | Reached XP level 10. HP: 29/81 MP: 8/13
  8779 | D:7      | Noticed Prince Ribbit
  8782 | D:7      | Noticed Menkaure
  8817 | D:7      | Killed Menkaure
  8823 | D:7      | Killed Prince Ribbit
  8823 | D:7      | Reached skill level 11 in Transmutations
  9063 | D:7      | Found an ancient bone altar of Kikubaaqudgha.
  9119 | D:7      | Found a glowing silver altar of Zin.
  9368 | D:8      | Noticed Grum
  9380 | D:8      | Noticed a two-headed ogre
  9499 | D:8      | Found a staircase to the Lair.
  9581 | D:8      | Reached *** piety under Okawaru
  9655 | D:8      | Killed a two-headed ogre
  9666 | D:8      | Killed Grum
  9978 | D:8      | Reached **** piety under Okawaru
 10847 | D:8      | Reached skill level 5 in Ice Magic
 11037 | D:8      | Reached skill level 10 in Unarmed Combat
 11425 | D:8      | Slain by an ogre

Vault maps used:
D:1:      minmay_arrival_jagged
D:2:      serial_undead, serial_undead_a, serial_undead_e, serial_undead_a,
          serial_undead_b, serial_undead_a, serial_undead_e, kennysheep_boxes
D:3:      vehumet_crystals
D:4:      lemuel_crystal_altar, marbit_many_paths, makhleb_grotto_becter,
          minmay_temple_entry_statues_fountains, first_bread,
          gup_ossuary_entry_pyramid, st_stairs_3
D:5:      old_standard_altar
D:6:      uniq_crazy_yiuf_cottage, uniq_pikel
D:7:      lemuel_zombie_altar_kikubaaqudgha, kennysheep_little_box,
          elyvilon_altar_3, uniq_prince_ribbit1, uniq_menkaure
D:8:      erik_lair_orcish_takeover, uniq_grum
D:9:      chequers_temple_overflow_minitemple, serial_shops,
          nicolae_shop_crystal, the_bakery, uniq_joseph
Ossuary:  ossuary_minmay_four_chambers

Skill      XL: |  1  2  3  4  5  6  7  8  9 10 |
---------------+-------------------------------+-----
Transmutations | 3 5 7 8 10 11 | 11.6
Fighting       | 2 3 4 5 7 8 9 |  9.2
Unarmed Combat | 4 5 6 7 9 10 | 10.0
Ice Magic      | 2 3 5 |  5.0
Dodging        | |  2.6
Spellcasting   | |  2.0

Action                   |  1- 3 |  4- 6 |  7- 9 | 10-12 || total
-------------------------+-------+-------+-------+-------++-------
Melee: Unarmed           |   109 |    96 |   428 |   118 ||   751
       Headbutt          |    22 |     3 |       |       ||    25
       Punch             |     1 |     2 |     1 |     1 ||     5
       Tailslap          |     1 |       |       |       ||     1
 Cast: Beastly Appendage |    27 |     2 |       |       ||    29
       Spider Form       |       |    13 |    48 |    22 ||    83
       Sticks to Snakes  |       |     2 |    22 |    19 ||    43
Evoke: Wand              |       |       |       |     2 ||     2
  Use: Scroll            |     2 |     1 |    11 |     1 ||    15
       Potion            |       |     1 |       |     1 ||     2
 Stab: Sleeping          |     1 |       |     1 |       ||     2
       Distracted        |       |       |     3 |     1 ||     4
  Eat: Chunk             |     4 |     7 |    14 |     6 ||    31
       Bread ration      |       |       |     3 |     1 ||     4
Armor: Robe              |    49 |     6 |     9 |     3 ||    67
       Skin              |       |     4 |    16 |     4 ||    24
Dodge: Dodged            |    67 |    69 |   304 |   120 ||   560
